 Dungeon Crawl Stone Soup version 0.27.1-2-g3b301248ec (webtiles) character file.

Game seed: 8255016325341652424

42 ABBCCCDDDD the Skirmisher (level 3, 0/26 HPs)
             Began as an Octopode Abyssal Knight on Sept 28, 2021.
             Was a Follower of Lugonu.
             Succumbed to an adder's poison
             ... on level 2 of the Dungeon.
             The game lasted 00:02:06 (1625 turns).

ABBCCCDDDD the Skirmisher (Octopode Abyssal Knight) Turns: 1625, Time: 00:02:06

Health: 0/26       AC:  1    Str: 11    XL:     3   Next: 56%
Magic:  4/4        EV: 13    Int: 21    God:    Lugonu [*.....]
Gold:   34         SH:  0    Dex: 11    Spells: 0/2 levels left

rFire    . . .     SeeInvis .   a - +1 short sword
rCold    . . .     Faith    .   (no shield)
rNeg     . . .     Spirit   .   (helmet restricted)
rPois    .         Reflect  .   (no amulet)
rElec    .         Harm     .   d - ring of flight
rCorr    .         Rampage  .   i - +6 ring of intelligence
Will     .....                  (no ring)
Stlth    +++.......             (no ring)
HPRegen  0.08/turn              (no ring)
MPRegen  0.09/turn              (no ring)
                                (no ring)
                                (no ring)

@: lethally poisoned (0 -> -5), about to teleport, flying
A: almost no armour, amphibious, 8 rings, camouflage 1, gelatinous body 1,
(nimble swimmer 1), tentacles
a: Renounce Religion, Depart the Abyss


You were on level 2 of the Dungeon.
You worshipped Lugonu.
Lugonu was aware of your devotion.
You visited 1 branch of the dungeon, and saw 2 of its levels.
You visited the Abyss 1 time.

You collected 34 gold pieces.

Inventory:

Hand Weapons
 a - a +1 short sword (weapon)
Missiles
 b - 33 poisoned darts
 e - 4 datura-tipped darts
 h - 2 javelins
Armour
 f - a +0 kite shield
Jewellery
 d - a ring of flight (left tentacle)
 i - a +6 ring of intelligence (right tentacle)
Scrolls
 c - a scroll of vulnerability {unknown}
 j - a scroll of enchant armour {unknown}


   Skills:
 + Level 3.4 Fighting
 + Level 2.5 Short Blades
 + Level 1.2 Throwing
 - Level 2.3 Dodging
 + Level 2.0 Stealth
 + Level 0.0 Spellcasting
 + Level 0.1 Hexes
 - Level 2.0 Invocations


You couldn't memorise any spells.
You knew the following spells:

 Your Spells              Type           Power      Damage    Failure   Level
a - Slow                  Hex            0%         N/A       26%         2

Your spell library contained the following spells:

 Spells                   Type           Power      Damage    Failure   Level
 Confusing Touch          Hex            0%         N/A       45%         3
 Vampiric Draining        Necr           0%         2d6       47%         3


Dungeon Overview and Level Annotations

Branches:
Dungeon (2/15)

Altars:


Innate Abilities, Weirdness & Mutations

You cannot wear most types of armour.
You are amphibious.
You can wear up to eight rings at the same time.
Your skin changes colour to match your surroundings (Stealth+).
Your rubbery body absorbs attacks. (AC +1, EV +1)
((You are camouflaged near water. (Stealth+)))
You have tentacles for arms and can constrict up to eight enemies at once.


Message History

You now have 34 gold pieces (gained 6).
A ball python and an adder come into view.
You see here a metallic silvery potion.
The ball python hisses angrily.
The adder hisses angrily.
There are monsters nearby!
There are monsters nearby!
You closely miss the adder. Your grab misses the adder.
Your squeeze misses the adder. The adder closely misses you.
The ball python closely misses you. The ball python grabs you.
The ball python constricts you. The adder bites you.
You hit the ball python.
You kill the ball python!
Lugonu accepts your kill. The adder bites you.
You hit the adder. Your grab misses the adder.
The adder is moderately wounded.
The adder bites you.
You are poisoned.
The adder poisons you!
You are too injured to fight recklessly!
You are too injured to fight recklessly!
You are too injured to fight recklessly!
You are too injured to fight recklessly!
You miss the adder. Your grab misses the adder. Your squeeze misses the adder.
The adder is moderately wounded.
You feel sick. The adder barely misses you. The adder bites you.
* * * LOW HITPOINT WARNING * * *
You miss the adder. Your grab misses the adder.
The adder is moderately wounded.
You feel sick. The adder barely misses you.
You aren't carrying any potions.
You aren't carrying any potions.
As you read the scroll labelled KUIVAA TEB BUOLOG, it crumbles to dust.
You feel strangely unstable.
It was a scroll of teleportation.
You feel sick. The adder barely misses you.
You feel sick. The adder bites you.
* * * LOW HITPOINT WARNING * * *
You are lethally poisoned!
The adder poisons you!
You die...

...)).####.#
####.......# #..####.#
##.## #.# #..###.######
##.##.......# ..
#.##.......# #
..####..#......!#####.#
..+......#.#####@.....#
..#####..#.# #......#
##.#)# #S.....# #.#†#
#.†....# #...# #......#
....# .......# ##..#
#......# ##.# ###+##.#
#># .#


You could see an adder.

Levels and vault maps discovered:
D:1:      eino_arrival_druids_welcome, layout_loops_ring, chequers_garden,
          chequers_serial_rivers_large_a
D:2:      layout_basic, basic_altar

Notes
Turn   | Place    | Note
-------+----------+-------------------------------------------
     0 | Abyss:1  | ABBCCCDDDD the Octopode Abyssal Knight began the quest for
                  | the Orb.
     0 | Abyss:1  | Reached XP level 1. HP: 16/16 MP: 2/2
    29 | Abyss:1  | Noticed a hellwing
    53 | Abyss:1  | Noticed a cacodemon
    53 | Abyss:1  | Noticed a cacodemon
    62 | Abyss:1  | Noticed a tentacled starspawn
    66 | Abyss:1  | Noticed a jelly
    73 | D:1      | Escaped the Abyss
   212 | D:1      | Reached * piety under Lugonu
   213 | D:1      | Reached skill level 1 in Stealth
   213 | D:1      | Reached XP level 2. HP: 19/21 MP: 3/3
  1037 | D:2      | Reached skill level 1 in Throwing
  1057 | D:2      | Reached XP level 3. HP: 21/26 MP: 4/4
  1120 | D:2      | Learned a level 2 spell: Slow
  1625 | D:2      | Succumbed to an adder's poison

Table legend: (Time is in decaauts)
 A = Elapsed time spent in this place.
 B = Non-inter-level travel time spent in this place.
 C = Inter-level travel time spent in this place.
 D = Time resting spent in this place.
 E = Time spent auto-exploring this place.
 F = Levels seen in this place.
 G = Mean time per level.
                   A        B        C        D        E       F      G
               +--------+--------+--------+--------+--------+-----+--------+
         Total |   1623 |   1587 |     36 |    308 |    994 |   3 |  541.0 |
       Dungeon |   1550 |   1514 |     36 |    308 |    966 |   2 |  775.0 |
         Abyss |     73 |     73 |      0 |      0 |     28 |   1 |   73.0 |
               +--------+--------+--------+--------+--------+-----+--------+

Top non-repeatable levels by time:
     D:1: 920 daAuts
     D:2: 630 daAuts
 Abyss:1: 73 daAuts

Table legend:
 A = Kills in this place as a percentage of kills in entire the game.
 B = Kills by you in this place as a percentage of kills by you in the entire game.
 C = Kills by friends in this place as a percentage of kills by friends in the entire game.
 D = Other kills in this place as a percentage of other kills in the entire game.
 E = Experience gained in this place as a percentage of experience gained in the entire game.
 F = Experience gained in this place divided by the number of levels of this place that you have seen.
                   A       B       C       D       E      F
               +-------+-------+-------+-------+-------+----------------------
         Total | 100.0 | 100.0 |   N/A |   N/A | 100.0 |  20.3
       Dungeon | 100.0 | 100.0 |   N/A |   N/A | 100.0 |  30.5
               +-------+-------+-------+-------+-------+----------------------

Action                   || total
-------------------------++-------
Melee: Short sword       ||    72
       Constrict         ||    15
       Tentacles         ||     6
Invok: Depart the Abyss  ||     1
  Use: Scroll            ||     1
 Stab: Sleeping          ||     5
Armor: Skin              ||     7
Dodge: Dodged            ||    61

Vanquished Creatures
  An adder (D:2)
  3 ball pythons
  7 bats
  A giant cockroach (D:1)
  6 goblins
  4 hobgoblins (D:1)
  A quokka (D:2)
  5 frilled lizards
  2 kobolds (D:2)
  2 rats
32 creatures vanquished.

Vanquished Creatures (others)
  2 starspawn tentacles (Abyss:1)
2 creatures vanquished.

Grand Total: 34 creatures vanquished
